 Dungeon Sprint DCSS version 0.14-a0-3545-g7d9ef9c (webtiles) character file.

107 BluebellGnoll the Covert (level 3, -7/24 HPs)
             Began as a Spriggan Enchanter on Mar 28, 2014.
             Killed from afar by an oklob sapling (14 damage)
             ... with a splash of acid
             ... in the Dungeon (Sprint IV: "Fedhas' Mad Dash").
             The game lasted 00:01:37 (149 turns).

BluebellGnoll the Covert (Spriggan Enchanter)        Turns: 149, Time: 00:01:38

HP  -7/24        AC  3     Str  9      XL: 3   Next: 82%
MP   3/9         EV 18     Int 17      God:
Gold 47          SH  0     Dex 16      Spells:  3 memorised,  1 level left

rFire  . . .     SeeInvis +     a - +1 dagger
rCold  . . .     Clarity  .     b - +1 robe
rNeg   . . .     Conserve .     (shield restricted)
rPois  .         rCorr    .     (helmet restricted)
rElec  .         rRot     .     (no cloak)
SustAb . .       Spirit   .     (gloves unavailable)
rMut   .         Warding  .     (boots unavailable)
Saprov . . .     NoTele   +     (no amulet)
MR     .....                    (no ring)
                                l - ring of invisibility

@: berserking, very slightly contaminated, very quick, not resistant to hostile
enchantments, extremely unstealthy
A: unfitting armour, see invisible, herbivore 3, speed 3, slow metabolism 2
a: Evoke Invisibility


You were in the Dungeon.
You were not hungry.

You visited 1 branch You collected 47 gold pieces.

Inventory:

Hand weapons
 a - a +1,+1 dagger (weapon)
Missiles
 d - 12 darts (quivered)
Armour
 b - a +1 robe (worn)
Scrolls
 k - a scroll of blinking
Jewellery
 l - a ring of invisibility (left hand)
Potions
 e - a potion of porridge
 f - a potion of curing
 g - a potion of heal wounds
 h - a potion of haste
 i - 2 potions of magic
Books
 c - a book of Maledictions

   Spells                             Type                      Level
   *Corona                            Hexes                        1
   Sure Blade                         Hexes/Charms                 2
   *Ensorcelled Hibernation           Hexes/Ice                    2
   *Confuse                           Hexes                        3
   Enslavement                        Hexes                        4
   Invisibility                       Hexes                        6


   Skills:
 - Level 1.1 Short Blades
 - Level 1.1 Throwing
 - Level 3.0 Dodging
 - Level 11.8 Stealth
 * Level 2.6 Spellcasting
 + Level 3.6 Hexes


You had one spell level left.
You knew the following spells:

 Your Spells              Type           Power        Failure   Level  Hunger
a - Corona                Hex            ##.....      4%          1    #......
b - Ensorcelled Hibernat  Hex/Ice        #.....       17%         2    ##.....
c - Confuse               Hex            ##......     14%         3    ###....


Dungeon Overview and Level Annotations

Branches:
Dungeon (1/1)

Altars:

Annotations:
D exclusion: oklob sapling


Innate Abilities, Weirdness & Mutations

You are tiny and cannot use many weapons and most armour.
You have supernaturally acute eyesight.
You are a herbivore.
You cover ground extremely quickly.
You need consume almost no food.


Message History

Press: ? - help, Shift-Dir - straight line, f - oklob sapling
Aim: an oklob sapling You miscast Confuse.
You are very lightly contaminated with residual magic.
Your hands glow momentarily.
Casting: Confuse
Confirm with . or Enter, or press ? or * to list all spells.
Aiming: Confuse
Press: ? - help, Shift-Dir - straight line, f/p - oklob sapling
Aim: an oklob sapling The oklob sapling is unaffected.
Drink which item? (? for menu, Esc to quit)
A red film seems to cover your vision as you go berserk!
You feel yourself moving faster!
You feel mighty! The oklob sapling spits acid at you.
The splash of acid hits you!
The acid burns!
Ouch! That really hurt!
* * * LOW HITPOINT WARNING * * *
Ouch! That really hurt!
You die...

##################
#<..f#.....#.....#
#ff..'.)...'.#)..+
#ffff#.....#.#%..#
###############'##
+.@.# #$P$# #####


You could see an oklob sapling.

Vanquished Creatures
  A worker ant (D)
  An oklob sapling (D)
  A green rat (D)
  A rat (D)
4 creatures vanquished.

Notes
Turn   | Place    | Note
--------------------------------------------------------------
     0 | D        | BluebellGnoll, the Spriggan Enchanter, began the quest for the Orb.
     0 | D        | Reached XP level 1. HP: 9/9 MP: 4/4
     8 | D        | Reached skill level 7 in Stealth
     8 | D        | Reached XP level 2. HP: 13/13 MP: 7/7
    14 | D        | Learned a level 2 spell: Ensorcelled Hibernation
   116 | D        | Noticed an oklob sapling
   118 | D        | Killed an oklob sapling
   118 | D        | Reached skill level 10 in Stealth
   118 | D        | Reached XP level 3. HP: 16/16 MP: 9/9
   123 | D        | Learned a level 3 spell: Confuse
   124 | D        | Noticed a worker ant
   126 | D        | Killed a worker ant
   126 | D        | Reached skill level 11 in Stealth
   144 | D        | Noticed an oklob sapling
   149 | D        | Killed from afar by an oklob sapling

Action                   || total
-------------------------++-------
Melee: Dagger            ||     5
 Cast: Confuse           ||     1
  Use: Potion            ||     1
 Stab: Sleeping          ||     3
